 Dungeon Crawl Stone Soup version 0.31-a0-1522-g43313d8a59 (webtiles) character file.

Game seed: 5764935426807092556

242 Dirian the Chopper (level 5, -5/47 HPs)
             Began as a Minotaur Fighter on Dec 30, 2023.
             Slain by a goblin
             ... wielding a +0 dagger of electrocution
             ... led by Robin
              (12 damage)
             ... on level 4 of the Dungeon.
             The game lasted 00:05:25 (2105 turns).

Dirian the Chopper (Minotaur Fighter)               Turns: 2105, Time: 00:05:26

Health: -5/47      AC:  7    Str: 23    XL:     5   Next: 82%
Magic:  4/4        EV:  9    Int:  5    God:
Gold:   173        SH:  9    Dex:  9    Spells: 4/4 levels left

rFire   . . .        a - +1 war axe
rCold   . . .        c - +0 buckler
rNeg    . . .        l - +0 scale mail
rPois   .            (helmet restricted)
rElec   .            (no cloak)
rCorr   .            (no gloves)
SInv    .            (no boots)
Will    .....        s - amulet of reflection Stlth
                     (no ring)
HPRegen 0.27/turn    (no ring)
MPRegen 0.09/turn

%: reflection
@: studying Staves
A: horns 2, retaliatory headbutt
a: no special abilities


You were on level 4 of the Dungeon.
You visited 1 branch of the dungeon, and saw 4 of its levels.

You collected 173 gold pieces.

Inventory:

Hand Weapons
 a - a +1 war axe (weapon)
 b - the +10 mace of the Depths {protect, Will++ Str+6 Dex+3}
   (You found it on level 2 of the Dungeon)

   Str+6:     It affects your strength (+6).
   Dex+3:     It affects your dexterity (+3).
   Will++:    It greatly increases your willpower.
Missiles
 u - 2 poisoned darts
Armour
 c - a +0 buckler (worn)
 l - a +0 scale mail (worn)
Jewellery
 s - an amulet of reflection (around neck)
Scrolls
 o - a scroll of silence
Potions
 d - 2 potions of might
 h - 2 potions of haste
 i - 2 potions of cancellation
 j - 2 potions of lignification {unknown}
 n - 2 potions of mutation {unknown}
 p - a potion of attraction {unknown}
 w - a potion of heal wounds


   Skills:
 + Level 4.9 Fighting
 + Level 5.1 Axes
 + Level 4.7 Armour
 + Level 4.5 Shields


You had 4 spell levels left.
You didn't know any spells.
Your spell library contained the following spells:

 Spells                   Type           Power      Damage    Failure   Level
 Volatile Blastmotes      Fire/Tloc      0%         2d10      99%         3
 Fulminant Prism          Conj/Alch      0%         3d5       100%        4
 Iskenderun's Mystic Bla  Conj/Tloc      0%         2d3       100%        4


Dungeon Overview and Level Annotations

Branches:
Dungeon (4/15) Zot: 21835
 Temple: D:4-7

Altars:
Makhleb
Uskayaw
The Shining One

Shops:
D:1 :=*[[


Innate Abilities, Weirdness & Mutations

You have a pair of horns on your head.
You reflexively headbutt those who attack you in melee.


Message History

You closely miss the quokka.
The goblin shouts!
The quokka bites you.
* * * LOW HITPOINT WARNING * * *
You closely miss the quokka.
You feel a little less mighty now. The quokka closely misses you.
The quokka bites you but does no damage.
A goblin comes into view. It is wielding a +0 club.
You barely miss the quokka. You closely miss the goblin.
The quokka closely misses you. The goblin completely misses you.
A goblin comes into view. It is wielding a +0 dagger.
The quokka bites you but does no damage.
You hit the quokka but do no damage. You barely miss the goblin.
You block the goblin's attack. The quokka misses you. You furiously retaliate!
You headbutt the quokka.
You kill the quokka!
A goblin comes into view. It is wielding a +0 club.
Found a beast talisman.
The goblin shouts!
You hear a shout!
You block the goblin's attack.
You see here a quokka corpse.
You barely miss the goblin. Your headbutt misses the goblin.
You barely miss the goblin. The goblin barely misses you.
The goblin hits you but does no damage. x2; You block the goblin's attack.
You closely miss the goblin. You hit the goblin.
You kill the goblin!
The goblin hits you with a +0 dagger of electrocution.
* * * LOW HITPOINT WARNING * * *
You barely miss the goblin. You slash the goblin!
You kill the goblin!
You block the goblin's attack.
You barely miss the goblin. Your headbutt misses the goblin.
You block the goblin's attack.
You closely miss the goblin. You slash the goblin!
You kill the goblin!
The goblin hits you with a +0 dagger of electrocution.
* * * LOW HITPOINT WARNING * * *
You are electrocuted!
You die...

.%.# ......###
....... #...#.# #
.### ...#.##..
.....###.......
..### #..))....#
#.....######@g...#
#..)))).).<..#
######)..#...#
#..#........#
>...#####.......
#### ......#
....... .....=.
.......


You could see a goblin.

Vanquished Creatures
  An orc priest (D:4)
  An orc wizard (D:4)
  Robin (D:4)
  4 gnolls (D:4)
  6 adders
  A white imp (D:3)
  3 dart slugs
  An orc (D:4)
  2 ball pythons (D:2)
  8 endoplasms
  4 giant cockroaches
  10 goblins
  4 hobgoblins
  6 jackals
  2 quokkas
  6 bats
  3 frilled lizards
  A goblin skeleton (D:3)
  2 hobgoblin zombies (D:3)
  3 kobolds
  A kobold zombie (D:3)
  An orc skeleton (D:3)
  3 orc zombies (D:3)
  2 rats
76 creatures vanquished.

Notes
Turn   | Place    | Note
-------+----------+-------------------------------------------
     0 | D:1      | Dirian the Minotaur Fighter began the quest for the Orb.
     0 | D:1      | Reached XP level 1. HP: 19/19 MP: 0/0
    44 | D:1      | Found Veasom's Jewellery Emporium.
    55 | D:1      | Found Umnamn's Book Boutique.
    85 | D:1      | Found Guz Muin's General Store.
    91 | D:1      | Found Hehen's Armour Shop.
   159 | D:1      | Reached XP level 2. HP: 23/27 MP: 1/1
   193 | D:1      | Found Jeerasch's Armour Shoppe.
   215 | D:1      | Found a faded altar of an unknown god.
   471 | D:2      | Reached XP level 3. HP: 33/33 MP: 2/2
   484 | D:2      | Identified the +0 scale mail of Eternal Night {+Blink}
   490 | D:2      | Identified the +10 mace of the Depths {protect, Will++
                  | Str+6 Dex+3}
   736 | D:2      | Reached skill level 3 in Axes
  1232 | D:3      | Reached XP level 4. HP: 41/41 MP: 3/3
  1502 | D:3      | Found a glowing golden altar of the Shining One.
  1598 | D:3      | Found a hide-covered altar of Uskayaw.
  1688 | D:3      | Found a burning altar of Makhleb.
  1742 | D:3      | Reached skill level 4 in Axes
  2057 | D:4      | Reached XP level 5. HP: 33/47 MP: 4/4
  2076 | D:4      | Noticed Robin
  2079 | D:4      | Reached skill level 5 in Axes
  2084 | D:4      | Killed Robin
  2105 | D:4      | Slain by a goblin

Illustrated notes

Levels and vault maps discovered:
D:1:      ncdulo_lavacross, layout_rooms, dreamdust_ecumenical_altar_grove,
          serial_shops, shop, nicolae_shop_crystal, shop, shop, shop
D:2:      layout_loops_ring, serial_aquarium, aquarium_bridge_square
          [aquarium_subvault_window, aquarium_subvault_bridge,
          aquarium_subvault_bridge, aquarium_subvault_bridge],
          aquarium_window_fake, aquarium_window_corridor_3,
          aquarium_window_fake, aquarium_view_2d, aquarium_balcony_5a,
          aquarium_pool_four
D:3:      layout_loops_ring, nicolae_tso_besieged_by_evil,
          mainiacjoe_overflow_six_doors_small, lemuel_tele_altar
D:4:      layout_rooms, nicolae_qazlal_eye_of_the_storm,
          mainiacjoe_overflow_catwalk, enter_ossuary_3, minmay_bisected,
          uniq_robin

Skill      XL: |  1  2  3  4  5 |
---------------+----------------+-----
Fighting       | 4 |  4.9
Armour         | 4 |  4.7
Shields        | 4 |  4.5
Axes           | 3 4 5 |  5.1

Action                     |  1- 3 |  4- 6 || total
---------------------------+-------+-------++-------
  Melee: War axe           |    80 |    91 ||   171
         Headbutt          |     4 |    13 ||    17
    Use: Scroll            |       |    10 ||    10
         Potion            |       |     1 ||     1
 Armour: Scale mail        |    66 |    72 ||   138
  Dodge: Dodged            |    48 |    36 ||    84
  Block: Buckler           |    16 |    36 ||    52
         Reflection        |       |     1 ||     1

Table legend: (Time is in decaauts)
 A = Elapsed time spent in this place.
 B = Non-inter-level travel time spent in this place.
 C = Inter-level travel time spent in this place.
 D = Time resting spent in this place.
 E = Time spent auto-exploring this place.
 F = Levels seen in this place.
 G = Mean time per level.
                   A        B        C        D        E       F      G
               +--------+--------+--------+--------+--------+-----+--------+
         Total |   2162 |   2088 |     74 |     56 |   1566 |   4 |  540.5 |
       Dungeon |   2162 |   2088 |     74 |     56 |   1566 |   4 |  540.5 |
               +--------+--------+--------+--------+--------+-----+--------+

Top non-repeatable levels by time:
     D:3: 867 daAuts
     D:2: 799 daAuts
     D:1: 430 daAuts
     D:4: 66 daAuts
